 Dungeon Crawl Stone Soup version 0.23.1 (webtiles) character file.

Game seed: 0

1785 Ratux the Cleaver (level 9, -6/79 HPs)
             Began as a Hill Orc Monk on Mar 10, 2019.
             Mangled by a killer bee (7 damage)
             ... on level 6 of the Dungeon.
             The game lasted 01:17:20 (9986 turns).

Ratux the Cleaver (Hill Orc Monk)                   Turns: 9986, Time: 01:17:21

Health: -6/79      AC: 10    Str: 16    XL:     9   Next: 8%
Magic:  9/9        EV:  6    Int: 10    God:
Gold:   245        SH: 10    Dex: 20    Spells: 8/8 levels left

rFire    . . .     SeeInvis .   x - +0 broad axe
rCold    + . .     Gourm    .   s - +0 shield
rNeg     . . .     Faith    .   p - +0 chain mail
rPois    .         Spirit   .   (no helmet)
rElec    .         Reflect  .   a - scarf {cloud immunity}
rCorr    .         Harm     .   (no gloves)
MR       .....                  (no boots)
Stlth    ..........             j - amulet of the acrobat
HPRegen  0.23/turn              y - +6 ring of dexterity
MPRegen  0.11/turn              u - ring of protection from cold

@: lethally poisoned (-6 -> -33)
A: no striking features
a: no special abilities


You were on level 6 of the Dungeon.
You were not hungry.

You visited 2 branches of the dungeon, and saw 8 of its levels.

You collected 245 gold pieces.

Inventory:

Hand Weapons
 x - a +0 broad axe (weapon)
 C - a +2 whip of flaming
Missiles
 d - 166 stones (quivered)
Armour
 a - a scarf of cloud immunity (worn)
 p - a +0 chain mail (worn)
 s - a +0 shield (worn)
Jewellery
 g - an uncursed ring of stealth
 i - an uncursed ring of wizardry
 j - an amulet of the acrobat (around neck)
 m - an uncursed ring of magical power
 u - a ring of protection from cold (right hand)
 y - a +6 ring of dexterity (left hand)
Scrolls
 e - a scroll of enchant weapon {unknown}
 h - 7 scrolls of identify
 l - 4 scrolls of remove curse
 n - a scroll of blinking {unknown}
 r - a scroll of fog {unknown}
 t - a scroll of enchant armour {unknown}
 w - a scroll of amnesia {unknown}
 B - a scroll of magic mapping {unknown}
 F - a scroll of fear {unknown}
Potions
 b - a potion of heal wounds
 f - a potion of berserk rage
 k - 2 potions of degeneration
 o - a potion of ambrosia {unknown}
 q - a potion of curing
 v - a potion of mutation {unknown}
 z - a potion of resistance {unknown}
 A - a potion of lignification {unknown}
 E - a potion of haste {unknown}
Comestibles
 c - 6 rations
 D - a chunk of flesh


   Skills:
 + Level 7.2 Fighting
 * Level 10.5 Axes
 + Level 5.5 Armour
 - Level 2.6 Dodging
 - Level 1.5 Stealth
 + Level 4.3 Shields


You had 8 spell levels left.
You didn't know any spells.
Your spell library was empty.

Dungeon Overview and Level Annotations

Branches:
Dungeon (7/15)             Temple (1/1) D:5

Altars:
Cheibriados
Dithmenos
Fedhas
Gozag
Hepliaklqana
Kikubaaqudgha
Makhleb
Nemelex Xobeh
Okawaru
Qazlal
Ru
Sif Muna
Trog
Vehumet
Wu Jian
Yredelemnul
The Shining One

Shops:
D:4 ?   D:6 =


Message History

* * * LOW HITPOINT WARNING * * *
The killer bee stings you.
* * * LOW HITPOINT WARNING * * *
You miss the killer bee.
The killer bee is severely wounded.
You miss the killer bee.
* * * LOW HITPOINT WARNING * * *
You feel very sick. The killer bee barely misses you.
The killer bee stings you but does no damage.
The killer bee closely misses you. The killer bee stings you.
* * * LOW HITPOINT WARNING * * *
The killer bee barely misses you.
Your shield and chain mail prevent you from hitting the killer bee.
The killer bee is severely wounded.
You closely miss the killer bee.
* * * LOW HITPOINT WARNING * * *
You feel very sick. You block the killer bee's attack.
The killer bee stings you!
You die...

### ########
################.. #......#
#@y............... #......#
#y############.#.# #......#
#.# #........#.#.#
#######......# #.#
#.######.#.#.# #.....#......#
#.# #.#....#.#.#.#
#.###.#......#
#.###.#.#..#.#.#.# #.#
#.#......###'##.........#.#.#
#.#
#.#..................##.#.#.#
#.#
#.#...##........._^.........#


You could see 2 killer bees.

Vanquished Creatures
  Pikel (D:5)
  Sigmund (D:5)
  Duvessa (D:6)
  3 slaves (D:6)
  An ogre (D:6)
  A centaur (D:5)
  2 phantoms (D:4)
  Blork the orc (D:5)
  Dowan (D:6)
  A killer bee (D:6)
  A howler monkey (D:4)
  A hound (D:5)
  2 jellies
  A centaur skeleton (D:4)
  Crazy Yiuf (D:5)
  2 iguanas
  3 orc wizards
  3 worker ants
  5 adders
  A shadow imp (D:5)
  3 oozes
  An adder zombie (D:5)
  7 worms
  A dart slug (D:4)
  A leopard gecko (D:4)
  7 orcs
  2 ball pythons
  4 giant cockroaches
  13 goblins
  7 hobgoblins
  10 jackals
  5 kobolds
  2 bats (D:1)
  5 frilled lizards
  15 rats
116 creatures vanquished.

Vanquished Creatures (others)
  An orc wizard (D:4)
1 creature vanquished.

Grand Total: 117 creatures vanquished

Notes
Turn   | Place    | Note
-------+----------+-------------------------------------------
     0 | D:1      | Ratux the Hill Orc Monk began the quest for the Orb.
     0 | D:1      | Reached XP level 1. HP: 19/19 MP: 1/1
    53 | D:1      | Reached XP level 2. HP: 23/27 MP: 2/2
   373 | D:1      | You fall through a shaft!
   457 | D:1      | Reached skill level 1 in Armour
   476 | D:1      | Reached XP level 3. HP: 14/33 MP: 3/3
  1735 | D:2      | Reached skill level 5 in Axes
  2081 | D:2      | Found a faded altar of an unknown god.
  2447 | D:2      | Found a stormy altar of Qazlal.
  2739 | D:2      | Reached XP level 4. HP: 39/40 MP: 4/4
  2981 | D:3      | Found a bloodstained altar of Trog.
  3792 | D:2      | HP: 1/40 [orc/+0 flail (7)]
  4397 | D:3      | Reached XP level 5. HP: 26/47 MP: 5/5
  4463 | D:3      | Noticed an ice beast
  4638 | D:2      | HP: 2/47 [ice beast (13)]
  4929 | D:3      | Reached skill level 6 in Axes
  5331 | D:4      | Found Nelytumm's Magic Scroll Shop.
  5378 | D:4      | Noticed a phantom
  5415 | D:4      | Killed a phantom
  5415 | D:4      | Reached skill level 5 in Fighting
  5415 | D:4      | Reached XP level 6. HP: 11/56 MP: 6/6
  5673 | D:4      | Reached skill level 7 in Axes
  6017 | D:4      | Noticed a phantom
  6178 | D:4      | Killed a phantom
  6178 | D:4      | Reached skill level 1 in Shields
  6235 | D:4      | Reached XP level 7. HP: 36/61 MP: 7/7
  6875 | D:4      | Found a hazy altar of Hepliaklqana.
  6978 | D:5      | Entered Level 5 of the Dungeon
  7286 | D:5      | Noticed a moth of wrath
  7288 | D:5      | Found a bloodstained altar of Trog.
  7672 | D:5      | Reached skill level 8 in Axes
  7746 | D:5      | Found a staircase to the Ecumenical Temple.
  7808 | D:5      | Found a runed translucent door.
  7809 | D:5      | Noticed Crazy Yiuf
  7846 | D:5      | Noticed Blork the orc
  7868 | D:5      | Killed Blork the orc
  7889 | D:5      | Found a snail-covered altar of Cheibriados.
  7915 | D:5      | Noticed Sigmund
  7970 | Temple   | Entered the Ecumenical Temple
  8271 | D:5      | Killed Sigmund
  8271 | D:5      | Reached XP level 8. HP: 51/70 MP: 8/8
  8341 | D:5      | Found an ornate altar of the Wu Jian Council.
  8472 | D:5      | Killed Crazy Yiuf
  8619 | D:6      | Found an ornate altar of the Wu Jian Council.
  8646 | D:6      | Reached skill level 9 in Axes
  9137 | D:6      | Noticed Pikel
  9267 | D:6      | Noticed Duvessa
  9273 | D:6      | Noticed Dowan
  9485 | D:5      | Killed Pikel
  9485 | D:5      | Reached skill level 10 in Axes
  9485 | D:5      | Reached skill level 5 in Armour
  9507 | D:6      | Killed Dowan
  9600 | D:6      | Found Kickun's Jewellery Shop.
  9773 | D:6      | Killed Duvessa
  9773 | D:6      | Reached XP level 9. HP: 58/79 MP: 9/9
  9986 | D:6      | HP: 1/79 [poisoned by a killer bee]
  9986 | D:6      | Mangled by a killer bee

Skill      XL: |  1  2  3  4  5  6  7  8 |
---------------+-------------------------+-----
Armour         | 1 2 3 4 5 |  5.5
Fighting       | 4 5 6 7 |  7.2
Axes           | 5 6 7 8 10 | 10.5
Shields        | 1 2 4 |  4.3
Dodging        | |  2.6
Stealth        | |  1.5

Action                   |  1- 3 |  4- 6 |  7- 9 || total
-------------------------+-------+-------+-------++-------
Melee: Hand axe          |   184 |   325 |   115 ||   624
       Broad axe         |       |       |   172 ||   172
  Use: Scroll            |       |     2 |     1 ||     3
       Potion            |       |       |     3 ||     3
 Stab: Sleeping          |     4 |     1 |       ||     5
  Eat: Chunk             |     6 |    10 |     7 ||    23
       Ration            |       |       |     2 ||     2
Armor: Robe              |    32 |     9 |       ||    41
       Chain mail        |       |    91 |    97 ||   188
Dodge: Dodged            |    97 |    92 |    64 ||   253
Block: Shield            |       |    21 |   121 ||   142
